 Dungeon Crawl Stone Soup version 0.31-a0-640-g39d97e502b (webtiles) character file.

Game seed: 14865702900903421807

140 rvierbuc the Sneak (level 5, -4/39 HPs)
             Began as a Demonspawn Brigand on Aug 27, 2023.
             Was a Believer of Makhleb.
             Slain by an orc warrior
             ... wielding a +0 flail
              (13 damage)
             ... on level 4 of the Dungeon.
             The game lasted 00:06:52 (2502 turns).

rvierbuc the Sneak (Demonspawn Brigand)             Turns: 2502, Time: 00:06:53

Health: -4/39      AC:  8    Str: 18    XL:     5   Next: 2%
Magic:  5/5        EV: 12    Int: 12    God:    Makhleb [**....]
Gold:   225        SH:  0    Dex: 16    Spells: 4/4 levels left

rFire   . . .        a - +2 dagger
rCold   . . .        (no shield)
rNeg    . . .        b - +0 robe
rPois   .            (no helmet)
rElec   .            c - +0 cloak
rCorr   .            (no gloves)
SInv    .            (no boots)
Will    .....        (no amulet)
Stlth   +++          g - +6 ring of strength
HPRegen 0.26/turn    q - +4 ring of protection
MPRegen 0.09/turn

%: no passive effects
@: no status effects
A: hooves 1, demonic guardian 1, sharp scales 1
a: Renounce Religion, Minor Destruction


You were on level 4 of the Dungeon.
You worshipped Makhleb.
Makhleb was pleased with you.
You visited 1 branch of the dungeon, and saw 4 of its levels.

You collected 225 gold pieces.

Inventory:

Hand Weapons
 a - a +2 dagger (weapon)
Missiles
 d - 21 poisoned darts (quivered)
 e - 9 curare-tipped darts
Armour
 b - a +0 robe (worn)
 c - a +0 cloak (worn)
Jewellery
 g - a +6 ring of strength (left hand)
 j - a ring of willpower
 q - a +4 ring of protection (right hand)
 r - a ring of wizardry
 w - a ring of see invisible
Talismans
 s - a serpent talisman
Scrolls
 f - a scroll of amnesia {unknown}
 h - 2 scrolls of fog {unknown}
 k - a scroll of poison {unknown}
 p - a scroll of noise {unknown}
 u - 3 scrolls of teleportation {unknown}
 x - a scroll of identify {unknown}
Potions
 i - 3 potions of curing {unknown}
 l - a potion of degeneration {unknown}
 m - 2 potions of brilliance {unknown}
 n - a potion of haste {unknown}
 o - a potion of berserk rage {unknown}
 t - a potion of lignification {unknown}
 v - a potion of resistance {unknown}
 z - a potion of mutation {unknown}
 A - a potion of ambrosia {unknown}


   Skills:
 + Level 2.5 Fighting
 + Level 2.9 Short Blades
 + Level 2.1 Throwing
 + Level 1.4 Dodging
 + Level 4.9 Stealth


You had 4 spell levels left.
You didn't know any spells.
Your spell library contained the following spells:

 Spells                   Type           Power      Damage    Failure   Level
 Freeze                   Ice            0%         1d3       32%         1
 Dazzling Flash           Conj/Hex       0%         N/A       69%         3
 Frozen Ramparts          Ice            0%         1d1       69%         3
 Hailstorm                Conj/Ice       0%         3d3       69%         3
 Ignite Poison            Fire/Tmut/Pois 0%         N/A       69%         3
 Inner Flame              Hex/Fire       0%         N/A       69%         3
 Volatile Blastmotes      Fire/Tloc      0%         2d10      69%         3
 Sticky Flame             Conj/Fire      0%         2d3       97%         4
 Yara's Violent Unravell  Hex/Tmut       0%         3d3       100%        5
 Starburst                Conj/Fire      0%         6d3       100%        6
 Enfeeble                 Hex            0%         N/A       100%        7
 Ignition                 Fire           0%         3d3       100%        8
 Maxwell's Capacitive Co  Air            0%         ∞         100%        8


Dungeon Overview and Level Annotations

Branches:
Dungeon (4/15)
 Temple: D:4-7

Altars:
Makhleb


Innate Abilities, Weirdness & Mutations

You have large cloven feet.
A weak demonic guardian rushes to your aid.
You are partially covered in razor-sharp scales. (AC +1, Slay +1)


Message History

Your quasit barely misses the orc warrior.
Your quasit closely misses the orc warrior.
Your quasit barely misses the orc warrior.
The orc warrior misses your quasit.
Your quasit completely misses the orc warrior.
Your quasit claws the orc warrior but does no damage. x2
The orc warrior misses your quasit.
Your quasit misses the orc warrior.
Your quasit claws the orc warrior but does no damage.
Your quasit barely misses the orc warrior.
The orc warrior hits your quasit with a +0 flail!
Your quasit bites the orc warrior.
Your quasit closely misses the orc warrior.
Your quasit misses the orc warrior.
Your quasit bites the orc warrior but does no damage.
Your quasit claws the orc warrior but does no damage.
Your quasit barely misses the orc warrior.
The orc warrior misses your quasit.
Your quasit barely misses the orc warrior.
Your quasit closely misses the orc warrior.
Your quasit claws the orc warrior but does no damage.
The orc warrior hits your quasit with a +0 flail!
Your quasit dies!
Your quasit disappears in a puff of smoke!
You throw a poisoned dart. The poisoned dart hits the orc warrior.
The orc warrior is poisoned.
The orc warrior is lightly wounded.
You hit the orc warrior. Your kick misses the orc warrior.
The orc warrior is moderately wounded.
The orc warrior closely misses you.
You hit the orc warrior but do no damage.
You kick the orc warrior, but do no damage.
The orc warrior is moderately wounded.
The orc warrior hits you with a +0 flail.
You hit the orc warrior but do no damage.
The orc warrior is moderately wounded.
The orc warrior hits you with a +0 flail!
* * * LOW HITPOINT WARNING * * *
The orc warrior attacks as it pursues you!
The orc warrior hits you with a +0 flail!
You die...

# ##### ## # ..
....# ###.## #.
.## ....+
#.#...##. ...
....# #.##.... ..#
....##
#.#...####..##
.....#
#o##..o@....#
.....#
#§#...####...#
.....#######(##..#
#
............#.####
.....##########
.....# .....##
......# ......#


You could see an orc warrior (poisoned).

Vanquished Creatures
  Natasha (D:4)
  2 adders
  6 bats
  8 endoplasms
  A giant cockroach (D:2)
  7 goblins
  4 hobgoblins
  6 jackals
  2 quokkas
  8 ball pythons
  6 frilled lizards
  4 kobolds
  5 rats
60 creatures vanquished.

Vanquished Creatures (collateral kills)
  A jelly (D:3)
  A goblin (D:3)
  A kobold (D:2)
3 creatures vanquished.

Grand Total: 63 creatures vanquished

Notes
Turn   | Place    | Note
-------+----------+-------------------------------------------
     0 | D:1      | rvierbuc the Demonspawn Brigand began the quest for the
                  | Orb.
     0 | D:1      | Reached XP level 1. HP: 16/16 MP: 1/1
   133 | D:1      | Found a faded altar of an unknown god.
   145 | D:1      | Prayed at the altar of an unknown god.
   145 | D:1      | Became a worshipper of Makhleb the Destroyer
   145 | D:1      | Reached * piety under Makhleb
   199 | D:1      | Gained mutation: You have large cloven feet. [demonic
                  | ancestry]
   199 | D:1      | Reached XP level 2. HP: 20/22 MP: 2/2
   200 | D:1      | Reached skill level 4 in Stealth
   579 | D:1      | Reached skill level 1 in Dodging
   670 | D:1      | Gained mutation: A weak demonic guardian rushes to your
                  | aid. [demonic ancestry]
   670 | D:1      | Reached XP level 3. HP: 24/27 MP: 3/3
  1104 | D:2      | Reached ** piety under Makhleb
  2085 | D:3      | Gained mutation: You are partially covered in razor-sharp
                  | scales. (AC +1, Slay +1) [demonic ancestry]
  2085 | D:3      | Reached XP level 4. HP: 33/33 MP: 4/4
  2447 | D:4      | Noticed Natasha
  2453 | D:4      | Killed Natasha
  2454 | D:4      | Reached XP level 5. HP: 39/39 MP: 5/5
  2482 | D:4      | Noticed an orc warrior
  2502 | D:4      | Slain by an orc warrior

Illustrated notes

Levels and vault maps discovered:
D:1:      dpeg_arrival_solitude, layout_basic,
          ebering_ecumenical_altar_abandoned, kennysheep_doodads,
          minmay_misc_feat_chi, hangedman_decor_clover_reticule
D:2:      layout_loops_corners, minmay_door_square, minmay_octomino_c4
D:3:      layout_basic, grunt_ministairs_2
D:4:      wad_crossroads, layout_gridville, cheibrodos_sewer_entry_bend,
          uniq_natasha, uniq_menkaure

Skill      XL: |  1  2  3 |
---------------+----------+-----
Short Blades   | 2 |  2.9
Stealth        | 4 |  4.9
Dodging        | 1 |  1.4
Throwing       | 2 |  2.1
Fighting       | |  2.5

Action                     |  1- 3 |  4- 6 || total
---------------------------+-------+-------++-------
  Melee: Dagger            |   132 |    26 ||   158
         Kick              |    27 |    11 ||    38
  Throw: Dart              |     8 |     3 ||    11
   Stab: Sleeping          |    13 |     1 ||    14
 Armour: Robe              |    38 |     4 ||    42
  Dodge: Dodged            |    89 |    11 ||   100

Table legend: (Time is in decaauts)
 A = Elapsed time spent in this place.
 B = Non-inter-level travel time spent in this place.
 C = Inter-level travel time spent in this place.
 D = Time resting spent in this place.
 E = Time spent auto-exploring this place.
 F = Levels seen in this place.
 G = Mean time per level.
                   A        B        C        D        E       F      G
               +--------+--------+--------+--------+--------+-----+--------+
         Total |   2481 |   2441 |     40 |      0 |   1920 |   4 |  620.2 |
       Dungeon |   2481 |   2441 |     40 |      0 |   1920 |   4 |  620.2 |
               +--------+--------+--------+--------+--------+-----+--------+

Top non-repeatable levels by time:
     D:2: 989 daAuts
     D:1: 841 daAuts
     D:3: 531 daAuts
     D:4: 118 daAuts
